 Dungeon Crawl Stone Soup version 0.26-a0-683-g5206c1d7ac (webtiles) character file.

Game seed: 318422332186124579

(classic levelgen) 9056 EnegeticOcto the Cleaver (level 11, 0/94 HPs)
             Began as a Deep Dwarf Abyssal Knight on Oct 22, 2020.
             Was a Priest of Lugonu.
             Slain by a red draconian
             ... wielding a +0 broad axe of flaming
              (1 damage)
             ... in a volcano.
             The game lasted 00:25:23 (2510 turns).

EnegeticOcto the Cleaver (DDAK)                     Turns: 2510, Time: 00:25:24

Health: 0/94       AC: 16    Str: 20    XL:     11   Next: 18%
Magic:  0/0        EV:  2    Int: 12    God:    Lugonu [***...]
Gold:   207        SH: 14    Dex: 12    Spells: 10/10 levels left

rFire    . . .     SeeInvis .   x - +1 war axe
rCold    + + .     Faith    .   t - +0 tower shield
rNeg     . . .     Spirit   .   y - +0 plate armour
rPois    .         Reflect  .   p - +0 helmet
rElec    .         Harm     .   (no cloak)
rCorr    .         Rampage  .   f - +1 pair of gloves
MR       +....                  e - +0 pair of boots
Stlth    ..........             (no amulet)
HPRegen  0.00/turn              (no ring)
MPRegen  0.07/turn              (no ring)

@: non-regenerating
A: damage resistance, heal wounds, camouflage 1, cold resistance 2, sense
surroundings 2, no regeneration
a: Heal Wounds, Depart the Abyss, Bend Space, Banish, Renounce Religion


You were in a volcano.
You worshipped Lugonu.
Lugonu was most pleased with you.
You visited 2 branches of the dungeon, and saw 14 of its levels.
You visited the Abyss 1 time.
You also visited: Volcano.

You collected 432 gold pieces.
You spent 225 gold pieces at shops.

Inventory:

Hand Weapons
 a - a +1 hand axe
 w - a +0 vampiric scythe
 x - a +1 war axe (weapon)
Missiles
 q - a throwing net {!f}
 r - 11 poisoned darts (quivered)
Armour
 b - a +0 leather armour
 d - a +0 chain mail
 e - a +0 pair of boots (worn)
 f - a +1 pair of gloves (worn)
 p - a +0 helmet (worn)
 t - a +0 tower shield (worn)
 y - a +0 plate armour (worn)
Scrolls
 c - 3 scrolls of teleportation {@r3 !r}
 h - a scroll of vulnerability
 k - a scroll of amnesia
 l - a scroll of enchant weapon
 n - 2 scrolls of remove curse {@r2}
Potions
 g - a potion of cancellation
 j - a potion of invisibility
 m - 3 potions of flight
 s - 4 potions of degeneration
 u - 2 potions of curing {@q1 !q}
 v - a potion of lignification {@q6}
 z - a potion of magic
 A - a potion of haste {@q4 !q}


   Skills:
 - Level 5.0 Fighting
 * Level 13.6 Axes
 - Level 5.0 Armour
 - Level 1.1 Dodging
 - Level 5.0 Shields
 + Level 11.8 Invocations


You had 10 spell levels left.
You didn't know any spells.
Your spell library was empty.

Dungeon Overview and Level Annotations

Branches:
Dungeon (12/15)              Lair (2/6) D:10         Shoals (0/4) Lair:2
  Snake (0/4) Lair:2      Volcano (1/1)
 Temple: D:4-7          Orc: D:9-12

Altars:
Ashenzari
Wu Jian

Shops:
D:5 =   D:11 *


Innate Abilities, Weirdness & Mutations

You are resistant to damage.
You can heal yourself by infusing magical energy.
You passively map the area around you.
You do not regenerate.
Your skin changes colour to match your surroundings (Stealth+).
Your flesh is very cold resistant. (rC++)


Message History

You hit the red draconian but do no damage.
The red draconian is heavily wounded.
You block the red draconian's attack.
Your shield prevents you from hitting the red draconian.
The red draconian is heavily wounded.
The red draconian hits you but does no damage.
You closely miss the red draconian.
The red draconian is heavily wounded.
The red draconian breathes flames at you.
The searing blast hits you!!!
* * * LOW HITPOINT WARNING * * *
Your magical essence is drained by the effort!
You feel much better. You block the red draconian's attack.
You feel much better.
You closely miss the red draconian.
The red draconian is heavily wounded.
The red draconian breathes flames at you.
The searing blast hits you but does no damage.
You hit the red draconian.
The red draconian is heavily wounded.
You block the red draconian's attack.
You hit the red draconian but do no damage.
The red draconian is heavily wounded.
The red draconian hits you with a +0 broad axe of flaming!
The red draconian burns you.
You hit the red draconian but do no damage.
The red draconian is heavily wounded.
You closely miss the red draconian.
The red draconian is heavily wounded.
The red draconian hits you but does no damage.
Your shield prevents you from hitting the red draconian.
The red draconian is heavily wounded.
You block the red draconian's attack.
You slash the red draconian!
The red draconian is heavily wounded.
The red draconian hits you with a +0 broad axe of flaming.
The red draconian burns you.
You closely miss the red draconian.
The red draconian is heavily wounded.
The air gets thick with the scent of sulphur.
You slash the red draconian!
The red draconian is severely wounded.
The red draconian completely misses you.
You hit the red draconian but do no damage.
The red draconian is severely wounded.
You block the red draconian's attack.
You completely miss the red draconian.
The red draconian is severely wounded.
In the distance, the volcano erupts with a roar.
You block the red draconian's attack.
You closely miss the red draconian.
The red draconian is severely wounded.
You slash the red draconian!
The red draconian is severely wounded.
You block the red draconian's attack.
You hit the red draconian.
The red draconian is severely wounded.
The red draconian hits you with a +0 broad axe of flaming!
The red draconian burns you.
You closely miss the red draconian.
The red draconian is severely wounded.
The red draconian breathes flames at you.
The searing blast hits you!!
Your plate armour prevents you from hitting the red draconian.
The red draconian is severely wounded.
The red draconian breathes flames at you.
The searing blast hits you.
Your magical essence is drained by the effort!
You feel much better.
The red draconian hits you with a +0 broad axe of flaming!
The red draconian burns you.
You hit the red draconian.
The red draconian is severely wounded.
You slash the red draconian!
The red draconian is almost dead.
The red draconian hits you but does no damage.
You hit the red draconian but do no damage.
The red draconian is almost dead.
The red draconian breathes flames at you.
The searing blast hits you!!
* * * LOW HITPOINT WARNING * * *
Your plate armour prevents you from hitting the red draconian.
The red draconian is almost dead.
You block the red draconian's attack.
You barely miss the red draconian.
The red draconian is almost dead.
Your shield and plate armour prevent you from hitting the red draconian.
The red draconian is almost dead.
The red draconian breathes flames at you.
The searing blast hits you!!
* * * LOW HITPOINT WARNING * * *
You hit the red draconian.
The red draconian is almost dead.
You block the red draconian's attack.
You slash the red draconian!
The red draconian is almost dead.
The red draconian hits you with a +0 broad axe of flaming!
* * * LOW HITPOINT WARNING * * *
The red draconian burns you.
You die... ≈ ≈§ °○○○○°'

,* ≈ ≈ §≈#*
#8...8# #≈≈≈≈
≈≈§###.....###≈≈≈
*#§§≈§≈.....§≈≈≈§≈
* #≈≈§≈8...8≈≈≈≈§≈
##§≈).)..≈≈≈≈§#*
#§≈.....§§≈###
##≈8d(.8§§≈#
##.@(.§####
#..(..# #8..(8#
#.....# #.....#
#8...8# #.....#
#.....# #8...8#


You could see a red draconian (catching breath).

Vanquished Creatures
  A salamander mystic (Volcano)
  4 salamanders (Volcano)
  2 centaur zombies
  2 komodo dragons
  Grinder (D:6)
  4 blink frogs (Lair:1)
  Sigmund (D:6)
  5 yaks (Lair:1)
  A shadow (D:11)
  A wraith (D:10)
  A basilisk (Lair:1)
  2 water moccasins
  A black bear (D:10)
  2 ice beasts
  3 orc warriors
  3 ogres
  A phantom (D:5)
  A wolf (D:8)
  3 bullfrogs
  5 killer bees (D:10)
  5 wights
  A bullfrog zombie (D:12)
  A wyvern simulacrum (D:8)
  A jelly (D:5)
  3 orc priests
  3 hounds
  8 orc wizards
  An iguana (D:12)
  Natasha (thrice) (D:2)
  5 worker ants
  Robin (D:3)
  4 adders
  4 white imps (D:8)
  An ufetubus (D:8)
  An adder zombie (D:6)
  An adder skeleton (D:5)
  2 leopard geckos
  16 orcs
  4 bats
  A giant cockroach (D:2)
  12 goblins
  8 hobgoblins
  A kobold (D:2)
  A quokka (D:2)
  A frilled lizard (D:2)
  A giant cockroach zombie (D:6)
  A quokka simulacrum (D:8)
  A quokka zombie (D:5)
  2 rats
138 creatures vanquished.

Vanquished Creatures (others)
  A jackal zombie (D:8)
1 creature vanquished.

Grand Total: 139 creatures vanquished

Notes
Turn   | Place    | Note
-------+----------+-------------------------------------------
     0 | Abyss:1  | EnegeticOcto the Deep Dwarf Abyssal Knight began the quest
                  | for the Orb.
     0 | Abyss:1  | Reached XP level 1. HP: 20/20 MP: 2/2
     0 | D:1      | Escaped the Abyss
   180 | D:1      | Your magical essence is drained by the effort!
   188 | D:2      | Reached XP level 2. HP: 18/27 MP: 3/3
   274 | D:2      | Reached * piety under Lugonu
   274 | D:2      | Reached skill level 3 in Axes
   325 | D:2      | Reached skill level 3 in Invocations
   343 | D:2      | Noticed Natasha
   351 | D:2      | Killed Natasha
   351 | D:2      | Reached XP level 3. HP: 23/33 MP: 4/4
   354 | D:2      | Noticed Natasha
   364 | D:2      | Killed Natasha
   364 | D:2      | Reached skill level 4 in Axes
   364 | D:2      | Reached XP level 4. HP: 24/40 MP: 5/5
   375 | D:2      | Noticed Natasha
   390 | D:2      | Killed Natasha
   390 | D:2      | Reached skill level 4 in Invocations
   460 | D:3      | Noticed Robin
   479 | D:3      | Killed Robin
   483 | D:3      | Reached ** piety under Lugonu
   590 | D:5      | Entered Level 5 of the Dungeon
   592 | D:5      | Noticed an ogre
   600 | D:5      | Your magical essence is drained by the effort!
   607 | D:5      | Killed an ogre
   607 | D:5      | Reached skill level 5 in Axes
   607 | D:5      | Reached XP level 5. HP: 18/46 MP: 6/6
   629 | D:5      | Noticed a phantom
   641 | D:5      | Reached skill level 5 in Invocations
   652 | D:5      | Found Kugh's Jewellery Boutique.
   672 | D:5      | Reached XP level 6. HP: 40/55 MP: 7/7
   678 | D:5      | Reached skill level 6 in Axes
   720 | D:5      | Found a broken altar of Ashenzari.
   779 | D:6      | Noticed Sigmund
   798 | D:6      | Your magical essence is drained by the effort!
   800 | D:6      | Killed Sigmund
   800 | D:6      | Reached skill level 7 in Axes
   800 | D:6      | Reached skill level 6 in Invocations
   800 | D:6      | Reached XP level 7. HP: 61/61 MP: 8/8
   872 | D:6      | Noticed Grinder
   927 | D:6      | Killed Grinder
   927 | D:6      | Reached skill level 8 in Axes
   927 | D:6      | Reached skill level 7 in Invocations
  1032 | D:6      | Your magical essence is drained by the effort!
  1043 | D:6      | Reached XP level 8. HP: 54/68 MP: 9/9
  1173 | D:8      | Reached skill level 9 in Axes
  1210 | D:8      | Reached skill level 8 in Invocations
  1215 | D:8      | Reached *** piety under Lugonu
  1363 | D:10     | Entered Level 10 of the Dungeon
  1379 | D:10     | Reached skill level 10 in Axes
  1394 | D:10     | Reached skill level 9 in Invocations
  1459 | D:10     | Gained mutation: You passively map the area around you.
                  | [Deep Dwarf growth]
  1459 | D:10     | Reached XP level 9. HP: 62/74 MP: 11/11
  1536 | D:10     | Reached skill level 11 in Axes
  1620 | D:10     | Found a staircase to the Lair.
  1645 | D:10     | Found an ornate altar of the Wu Jian Council.
  1756 | D:11     | Your magical essence is drained by the effort!
  1843 | D:12     | Your magical essence is drained by the effort!
  1862 | D:12     | Reached skill level 10 in Invocations
  1871 | D:12     | Reached skill level 1 in Shields
  1882 | D:12     | Reached **** piety under Lugonu
  1884 | D:12     | Reached skill level 3 in Fighting
  1884 | D:12     | Reached skill level 3 in Armour
  1942 | D:11     | Reached skill level 2 in Shields
  1977 | D:11     | Found Sinua's General Store.
  1986 | D:11     | Reached skill level 12 in Axes
  1989 | D:11     | Bought a scroll of vulnerability for 82 gold pieces
  1989 | D:11     | Bought a potion of curing for 33 gold pieces
  1989 | D:11     | Bought a potion of haste for 110 gold pieces
  2106 | Lair:1   | Entered Level 1 of the Lair of Beasts
  2139 | Lair:1   | Gained mutation: Your skin changes colour to match your
                  | surroundings (Stealth+). [potion of mutation]
  2139 | Lair:1   | Gained mutation: You have sharp toenails. [potion of
                  | mutation]
  2140 | Lair:1   | Lost mutation: You have sharp toenails. [potion of
                  | mutation]
  2140 | Lair:1   | Gained mutation: Your flesh is cold resistant. (rC+)
                  | [potion of mutation]
  2140 | Lair:1   | Gained mutation: Your flesh is very cold resistant. (rC++)
                  | [potion of mutation]
  2158 | Lair:1   | Reached XP level 10. HP: 40/85 MP: 11/11
  2177 | Lair:1   | Your magical essence is drained by the effort!
  2180 | Lair:1   | Reached skill level 4 in Armour
  2180 | Lair:1   | Reached skill level 3 in Shields
  2201 | Lair:1   | Reached skill level 4 in Fighting
  2217 | Lair:1   | Noticed an eight-headed hydra
  2221 | Lair:1   | Your magical essence is drained by the effort!
  2223 | Lair:1   | Banished an eight-headed hydra
  2241 | Lair:1   | Reached skill level 11 in Invocations
  2253 | Lair:1   | Your magical essence is drained by the effort!
  2254 | Lair:1   | Reached skill level 4 in Shields
  2298 | Lair:1   | Noticed a black mamba
  2339 | Lair:2   | Reached skill level 5 in Armour
  2354 | Lair:2   | Your magical essence is drained by the effort!
  2366 | Lair:2   | Found a dark tunnel.
  2375 | Volcano  | Entered a volcano
  2391 | Volcano  | Noticed a salamander mystic
  2399 | Volcano  | Noticed a salamander
  2401 | Volcano  | Noticed a salamander
  2411 | Volcano  | Killed a salamander
  2411 | Volcano  | Reached skill level 13 in Axes
  2411 | Volcano  | Killed a salamander mystic
  2412 | Volcano  | Your magical essence is drained by the effort!
  2418 | Volcano  | Noticed a salamander
  2429 | Volcano  | Your magical essence is drained by the effort!
  2435 | Volcano  | Noticed a red draconian
  2437 | Volcano  | Noticed a salamander
  2442 | Volcano  | Killed a salamander
  2442 | Volcano  | Reached skill level 5 in Fighting
  2442 | Volcano  | Reached skill level 5 in Shields
  2442 | Volcano  | Reached XP level 11. HP: 17/94 MP: 5/7
  2446 | Volcano  | Your magical essence is drained by the effort!
  2449 | Volcano  | Your magical essence is drained by the effort!
  2470 | Volcano  | Your magical essence is drained by the effort!
  2473 | Volcano  | Your magical essence is drained by the effort!
  2474 | Volcano  | Your magical essence is drained by the effort!
  2484 | Volcano  | Your magical essence is drained by the effort!
  2502 | Volcano  | Your magical essence is drained by the effort!
  2510 | Volcano  | HP: 1/94 [red draconian/+0 broad axe of flaming (5)]
  2510 | Volcano  | Slain by a red draconian

Illustrated notes

Levels and vault maps discovered:
D:1:      onia_arrival_mini_maze_b, layout_rooms, minivault_23
D:2:      layout_basic, marbit_many_paths, minitemple, st_stairs_6,
          grunt_decor_cap, chequers_serial_rivers_small_3, uniq_natasha
D:3:      layout_loops_ring, eat_drink_and_be_merry_uskayaw, uniq_terence,
          uniq_ijyb, uniq_robin
D:4:      layout_layer_cave, fedhas_altar_1, gammafunk_ghost_grave,
          portal_sewer_entry_e
D:5:      layout_loops_cross, makhleb_heckhound_becter,
          nicolae_ashenzari_panopticon, doesnt_xom_only_xom,
          grunt_qazlal_sundering, minmay_shop_enchanted_jewellery,
          minmay_misc_feat_four_crosses
D:6:      layout_loops_cross, hex_medium, uniq_sigmund, uniq_grinder
D:7:      minmay_opposing_rooms, layout_basic, old_standard_altar,
          temple_fountains
D:8:      layout_loops_ring, grunt_temple_overflow_holy_war,
          lemuel_crystal_altar, serial_ice, serial_ice_b, serial_ice_h,
          serial_ice_k, serial_ice_m, uniq_maggie
D:9:      layout_loops_cross, serial_shops, kennysheep_mini, hangedman_fish_farm
D:10:     layout_long_grid, lair_entry_dummy, lemuel_centaur_altar
D:11:     layout_roguey, erik_orc_3, serial_shops, shop_fountains
D:12:     layout_long_grid, lightli_fourway_metalbox
Lair:1:   layout_chaotic_city, serial_rivers, chequers_serial_rivers_room_b,
          chequers_serial_rivers_small_3, chequers_serial_rivers_micro_a,
          chequers_serial_rivers_large_b, chequers_serial_rivers_room_a,
          nicolae_quartered_pool_little
Lair:2:   layout_gridlike, elwin_shoals_entry_rooms,
          minmay_snake_entry_guardpost_medium, enter_volcano_1,
          grunt_forest_large_clearing_hut, uniq_erica
Volcano:  kennysheep_volcano_temple

Skill      XL: |  1  2  3  4  5  6  7  8  9 10 |
---------------+-------------------------------+-----
Axes           | 3 4 5 7 8 10 12 13 | 13.6
Invocations    | 3 4 5 6 7 9 10 11 | 11.8
Shields        | 2 5 |  5.0
Fighting       | 3 5 |  5.0
Armour         | 3 5 |  5.0
Dodging        | |  1.1

Action                   |  1- 3 |  4- 6 |  7- 9 | 10-12 || total
-------------------------+-------+-------+-------+-------++-------
Melee: Hand axe          |    38 |   143 |    29 |       ||   210
       War axe           |       |       |   308 |   140 ||   448
Throw: Dart              |       |       |     1 |     6 ||     7
Invok: Depart the Abyss  |     1 |       |       |       ||     1
       Bend Space        |       |       |     2 |       ||     2
       Banish            |       |       |       |     5 ||     5
 Abil: Heal Wounds       |     1 |     9 |    20 |    33 ||    63
Evoke: Wand              |       |     1 |     2 |    10 ||    13
  Use: Scroll            |       |       |    17 |       ||    17
       Potion            |       |       |     2 |       ||     2
Armor: Leather armour    |    56 |       |       |       ||    56
       Chain mail        |    18 |   118 |    44 |       ||   180
       Plate armour      |       |       |   285 |    51 ||   336
Dodge: Dodged            |    86 |    76 |    19 |     9 ||   190
Block: Tower shield      |       |    19 |   324 |    98 ||   441

Table legend: (Time is in decaauts)
 A = Elapsed time spent in this place.
 B = Non-inter-level travel time spent in this place.
 C = Inter-level travel time spent in this place.
 D = Time resting spent in this place.
 E = Time spent auto-exploring this place.
 F = Levels seen in this place.
 G = Mean time per level.
                   A        B        C        D        E       F      G
               +--------+--------+--------+--------+--------+-----+--------+
         Total |   2615 |   2591 |     24 |      0 |      0 |  16 |  163.4 |
       Dungeon |   2211 |   2187 |     24 |      0 |      0 |  12 |  184.2 |
          Lair |    271 |    271 |      0 |      0 |      0 |   2 |  135.5 |
         Abyss |      0 |      0 |      0 |      0 |      0 |   1 |    0.0 |
       Volcano |    132 |    132 |      0 |      0 |      0 |   1 |  132.0 |
               +--------+--------+--------+--------+--------+-----+--------+

Top non-repeatable levels by time:
    D:10: 415 daAuts
     D:6: 330 daAuts
     D:2: 279 daAuts
    D:11: 204 daAuts
  Lair:1: 203 daAuts
     D:1: 189 daAuts
     D:5: 184 daAuts
    D:12: 137 daAuts
 Volcano: 132 daAuts
     D:8: 131 daAuts
     D:3: 121 daAuts
     D:9: 95 daAuts
     D:7: 72 daAuts
  Lair:2: 67 daAuts
     D:4: 50 daAuts
